 Dungeon Crawl Stone Soup version 0.18-a0-1797-gc18daef (webtiles) character file.

49 M4edhros the Sneak (level 3, 0/23 HPs)
             Began as an Octopode Artificer on Apr 23, 2016.
             Slain by an adder (4 damage)
             ... on level 3 of the Dungeon.
             The game lasted 00:01:24 (1642 turns).

M4edhros the Sneak (Octopode Artificer)             Turns: 1642, Time: 00:01:25

Health: 0/23       AC:  1    Str: 10    XL:     3   Next: 77%
Magic:  5/5        EV: 12    Int: 19    God:
Gold:   86         SH:  0    Dex: 13    Spells: 0 memorised, 2 levels left

rFire  . . .     SeeInvis .     a - +0 short sword
rCold  . . .     Gourm    .     (no shield)
rNeg   . . .     Faith    .     (helmet restricted)
rPois  .         Spirit   .     (no amulet)
rElec  .         Dismiss  .     (no ring)
rCorr  .         Reflect  .     (no ring)
SustAt .         Harm     .     (no ring)
MR     .....                    (no ring)
Stlth  ++++......               (no ring)
                                (no ring)
                                (no ring)
                                (no ring)

@: brilliant, not resistant to hostile enchantments, stealthy
A: almost no armour, amphibious, 8 rings, constrict 8, camouflage 1, gelatinous
body 1
a: no special abilities


You were on level 3 of the Dungeon.
You were not hungry.

You visited 1 branch of the dungeon, and saw 3 of its levels.

You collected 86 gold pieces.

Inventory:

Hand Weapons
 a - a +0 short sword (weapon)
Missiles
 g - 65 sling bullets
 l - 45 stones (quivered)
Wands
 b - a wand of flame (15/48)
 c - a wand of enslavement (15/24)
 d - a wand of random effects (15/48)
Scrolls
 i - 3 scrolls of teleportation {unknown}
 j - 3 scrolls of remove curse {unknown}
 k - a scroll of enchant weapon {unknown}
 n - a scroll of fear {unknown}
 p - a scroll of enchant armour {unknown}
Potions
 h - a potion of flight {unknown}
Comestibles
 f - 2 bread rations
 m - a chunk of flesh
 o - a meat ration
 q - a beef jerky


   Skills:
 - Level 1.0 Fighting
 - Level 1.0 Short Blades
 - Level 2.0 Dodging
 + Level 5.1 Stealth
 - Level 3.2 Evocations


You had 2 spell levels left.
You didn't know any spells.

Dungeon Overview and Level Annotations

Branches:
Dungeon (3/15)

Altars:


Innate Abilities, Weirdness & Mutations

You cannot wear most types of armour.
You are amphibious.
You can wear up to eight rings at the same time.
You can use your tentacles to constrict eight enemies at once.
Your skin changes colour to match your surroundings (Stealth).
Your rubbery body absorbs attacks (AC +1).


Message History

You kill the giant gecko!
Your Stealth skill increases to level 5!
The helpless giant cockroach fails to defend itself.
You puncture the giant cockroach!
You kill the giant cockroach!
A kobold comes into view.
The adder bites you.
* * * LOW HITPOINT WARNING * * *
Found a stone staircase leading down.
You hit the adder. Your grab misses the adder.
The adder is heavily wounded.
The adder bites you but does no damage.
You closely miss the adder. Your grab misses the adder.
The adder is heavily wounded.
The adder barely misses you.
Drink which item? (? for menu, Esc to quit)
It was a potion of brilliance.
You feel clever all of a sudden. The adder barely misses you.
The adder bites you.
You die...

######## #########
#...?..# ........#
#.....<# K.......#
#).....#
>.......###......#
......S@........(#
###.#######<.....#
#......# #......#
#......# ...#####
...# ..$# ..!.#


You could see an adder and a kobold (sleeping).

Vanquished Creatures
  An ooze (D:2)
  2 dart slugs (D:1)
  3 giant geckos
  An orc (D:2)
  8 bats
  4 giant cockroaches
  2 goblins (D:1)
  8 hobgoblins
  A kobold (D:2)
  3 rats
33 creatures vanquished.

Notes
Turn   | Place    | Note
--------------------------------------------------------------
     0 | D:1      | M4edhros the Octopode Artificer began the quest for the Orb.
     0 | D:1      | Reached XP level 1. HP: 13/13 MP: 3/3
    23 | D:1      | Reached skill level 2 in Stealth
   313 | D:1      | Reached skill level 3 in Stealth
   313 | D:1      | Reached XP level 2. HP: 18/18 MP: 4/4
   969 | D:1      | Reached skill level 4 in Stealth
   999 | D:1      | Reached XP level 3. HP: 23/23 MP: 5/5
  1634 | D:3      | Reached skill level 5 in Stealth
  1642 | D:3      | Slain by an adder

Vault maps used:
D:1:      tarquinn_simple_flora_water_f
D:2:      overflow_temple_1_default, first_bread
D:3:      lightli_sewer_entry_pipes

Skill      XL: |  1  2  3 |
---------------+----------+-----
Stealth        | 3 4 5 |  5.1
Fighting       | |  1.0
Short Blades   | |  1.0
Dodging        | |  2.0
Evocations     | |  3.2

Action                   || total
-------------------------++-------
Melee: Short sword       ||    71
       Constrict         ||    16
       Tentacles         ||    11
  Use: Potion            ||     1
 Stab: Sleeping          ||    13
  Eat: Chunk             ||     2
Armor: Skin              ||    14
Dodge: Dodged            ||    41
